 Dungeon Crawl Stone Soup version 0.26.1-11-gd32895ea62 (webtiles) character file.

Game seed: 2613113491538007351

40 Descartes the Ducker (level 3, 0/25 HPs)
             Began as a Felid Chaos Knight on May 29, 2021.
             Was a Plaything of Xom.
             Slain by a quasit (1 damage)
             ... summoned by Xom
             ... on level 1 of the Dungeon.
             The game lasted 00:02:01 (1240 turns).

Descartes the Ducker (Felid Chaos Knight)           Turns: 1240, Time: 00:02:02

Health: 0/25       AC:  1    Str:  9      XL:     3   Next: 30%
Magic:  4/4        EV: 19    Int: 13      God:    Xom [.*....]
Gold:   88         SH:  0    Dex: 14 (15) Spells: 2/2 levels left
                                        Lives:  0   Deaths: 0

rFire    + . .     SeeInvis +     - Unarmed
rCold    . . .     Faith    .   (shield unavailable)
rNeg     + . .     Spirit   .   (armour unavailable)
rPois    .         Reflect  .   (helmet unavailable)
rElec    .         Harm     .   (cloak unavailable)
rCorr    .         Rampage  .   (gloves unavailable)
Will     .....                  (boots unavailable)
Stlth    ..........             (no amulet)
HPRegen  0.08/turn              a - ring of protection from fire
MPRegen  0.09/turn              c - ring of positive energy

@: berserking, very quick
A: very small, no armour, no weapons or thrown items, stealth, claws 1, fangs 3,
see invisible, speed 1, shaggy fur 1, sharp paws
a: Renounce Religion


You were on level 1 of the Dungeon.
You worshipped Xom.
You were a plaything of Xom.
You visited 1 branch of the dungeon, and saw 1 of its levels.

You collected 88 gold pieces.

Inventory:

Jewellery
 a - a ring of protection from fire (left paw)
 c - a ring of positive energy (right paw)
 g - an uncursed amulet of magic regeneration {unknown}
Scrolls
 b - a scroll of identify {unknown}
 d - a scroll of fog {unknown}
 f - a scroll of blinking {unknown}
Potions
 h - 2 potions of might {unknown}
 i - a potion of curing {unknown}
 j - a potion of mutation {unknown}


   Skills:
 - Level 3.0 Fighting
 + Level 4.0 Dodging
 + Level 2.3 Stealth
 + Level 3.5 Unarmed Combat


You had 2 spell levels left.
You didn't know any spells.
Your spell library was empty.

Dungeon Overview and Level Annotations

Branches:
Dungeon (1/15)

Altars:


Innate Abilities, Weirdness & Mutations

You cannot wear armour.
You are incapable of wielding weapons or throwing items.
Your paws allow you to move quietly. (Stealth)
You have sharp claws.
You have razor-sharp teeth.
You have supernaturally acute eyesight. (SInv)
You cover ground quickly.
You are covered in fur. (AC +1)
Your sharp claws are effective at attacking unaware monsters.


Message History

A red film seems to cover your vision as you go berserk!
You feel yourself moving faster!
You feel mighty!
Xom is highly amused!
The quasit completely misses you. The quasit misses you.
The quasit closely misses you. The ufetubus hits you.
* * * LOW HITPOINT WARNING * * *
The ufetubus hits you.
* * * LOW HITPOINT WARNING * * *
You miss the ufetubus.
The ufetubus is moderately wounded.
The ufetubus barely misses you. The ufetubus closely misses you.
The quasit closely misses you. The quasit completely misses you.
The quasit claws you but does no damage.
You claw the ufetubus!
You kill the ufetubus!
The quasit completely misses you.
The quasit claws you but does no damage.
The quasit claws you.
You die... "What!?
That's it?"

###########.# #.#.# #.#
#.........#.######.#.# #.#
#.#######..........#.######.#
#####.####
#.#.########........#
.........# #.### ##########
#####.##.# #.# #.##.# #.#
#.##.####.###################
#.##.......5@................
#.........###################
###########


You could see a quasit (summoned).

Vanquished Creatures
  2 dart slugs (D:1)
  2 leopard geckos (D:1)
  A bat (D:1)
  7 goblins (D:1)
  4 hobgoblins (D:1)
  7 jackals (D:1)
  A frilled lizard (D:1)
  5 rats (D:1)
29 creatures vanquished.

Notes
Turn   | Place    | Note
-------+----------+-------------------------------------------
     0 | D:1      | Descartes the Felid Chaos Knight began the quest for the
                  | Orb.
     0 | D:1      | Reached XP level 1. HP: 10/10 MP: 2/2
   133 | D:1      | Reached skill level 1 in Stealth
   141 | D:1      | Reached XP level 2. HP: 7/14 MP: 3/3
   217 | D:1      | XOM: 4-stop teleportation journey
   300 | D:1      | XOM: silly message
   369 | D:1      | XOM: silly message
   502 | D:1      | Reached XP level 3. HP: 16/17 MP: 4/4
   860 | D:1      | XOM: god gift: robe {god gift}
  1016 | D:1      | XOM: give mutations
  1016 | D:1      | Gained mutation: You are frail. (-10% HP) [Xom's mischief]
  1016 | D:1      | Lost mutation: You are frail. (-10% HP) [Xom's mischief]
  1047 | D:1      | Reached skill level 4 in Dodging
  1234 | D:1      | XOM: summons 2 hostile demons
  1238 | D:1      | HP: 1/25 [ufetubus[Xom] (2)]
  1240 | D:1      | Slain by a quasit

Illustrated notes

Levels and vault maps discovered:
D:1:      dpeg_arrival_rooms_with_view, layout_loops_ring, minmay_octomino_j4

Skill      XL: |  1  2  3 |
---------------+----------+-----
Stealth        | 1 2 |  2.3
Dodging        | 4 |  4.0
Fighting       | |  3.0
Unarmed Combat | |  3.5

Action                   || total
-------------------------++-------
Melee: Unarmed           ||    83
       Punch             ||     2
       Bite              ||     6
  Use: Potion            ||     1
 Stab: Sleeping          ||     3
Armor: Skin              ||     4
Dodge: Dodged            ||    75
